[Event "42nd Olympiad Baku 2016 Open"]
[Site "Baku"]
[Date "2016.09.03"]
[Round "2.1"]
[White "Bologan, Victor"]
[Black "Kayonde, Andrew"]
[Result "1-0"]
[ECO "B12"]
[WhiteElo "2648"]
[BlackElo "2422"]
[Annotator ""]
[PlyCount "95"]
[EventDate "2016.??.??"]
[EventCountry "AZE"]
[SourceTitle "playchess.com"]
[Source "ChessBase"]
[WhiteTeam "Moldova"]
[BlackTeam "Zambia"]
[WhiteTeamCountry "MDA"]
[BlackTeamCountry "ZAM"]
[TimeControl "40/5400+30:1800+30"]

1. e4 {(00:00)} c6 {(01:08)} 2. d4 {(00:00)} d5 {(
00:09)} 3. e5 {(00:00)} Bf5 {(00:22)} 4. Be3 {(00:00)} Qb6
{(07:25)} 5. Qc1 {(00:06)} e6 {(00:42)} 6. Nf3 {(
00:48)} Nd7 {(03:17)} 7. Be2 {(02:44)} f6 {(10:54)} 8.
Nbd2 {(13:28)} Bg4 {(09:51)} 9. Bd3 {(17:37)} Ne7 {
(05:44)} 10. h3 {(10:52)} Bf5 {(02:20)} 11. O-O {(
20:54)} Bxd3 {(25:31)} 12. cxd3 {(00:14)} Ng6 {(06:36)}
13. Re1 {(06:51)} f5 {(11:38)} 14. Nb3 {(09:24)} Bb4 {
(00:50)} 15. Bd2 {(02:29)} Be7 {(02:23)} 16. Bg5 {(
01:59)} Bb4 {(00:37)} 17. Re2 {(01:54)} h6 {(00:24)} 18.
Be3 {(00:13)} Qc7 {(01:57)} 19. h4 {(00:28)} Be7 {(
00:40)} 20. h5 {(00:24)} Ngf8 {(00:15)} 21. g3 {(01:58)}
b6 {(02:01)} 22. Rc2 {(00:28)} Rc8 {(00:20)} 23. Qd2 {
(00:34)} Nb8 {(00:11)} 24. Nc1 {(00:14)} Bd8 {(00:
13)} 25. Ne2 {(00:52)} Qf7 {(00:08)} 26. Nf4 {(04:07)} Bg5
{(00:12)} 27. Ng6 {(01:21)} Nxg6 {(00:41)} 28. hxg6 {
(00:11)} Qxg6 {(00:08)} 29. Bxg5 {(00:16)} Qh5 {(
01:17)} 30. Bf6 gxf6 {(03:55)} 31. Kg2 {(01:21)} Nd7 {(00:
37)} 32. Rac1 {(01:01)} fxe5 {(01:20)} 33. Rxc6 {(00:43)}
Rxc6 {(00:11)} 34. Rxc6 {(00:06)} e4 {(00:08)} 35. Nh4 {
(00:11)} O-O {(01:26)} 36. Rxe6 {(01:32)} f4 {(00:
09)} 37. dxe4 {(00:31)} Nf6 {(01:02)} 38. Qxf4 {(00:58)}
Nxe4 {(01:11)} 39. Rg6+ {(01:11)} Qxg6 {(00:21)} 40. Nxg6
{(00:00)} Rxf4 {(00:00)} 41. Nxf4 {(00:17)} Nd6 {(
00:55)} 42. Nxd5 {(00:19)} Nf5 {(01:40)} 43. Kf3 {(01:51)}
Nxd4+ {(00:07)} 44. Ke4 {(00:08)} Ne6 {(00:16)} 45. Ne7+ {
(00:58)} Kf7 {(00:11)} 46. Nc8 {(00:16)} Nc5+ {(00:
12)} 47. Kd4 {(00:09)} Ne6+ {(00:28)} 48. Ke4 1-0

[Event "42nd Olympiad Baku 2016 Open"]
[Site "Baku"]
[Date "2016.09.03"]
[Round "2.15"]
[White "Borisek, Jure"]
[Black "Tologontegin, Semetey"]
[Result "1-0"]
[ECO "B51"]
[WhiteElo "2558"]
[BlackElo "2350"]
[Annotator ""]
[PlyCount "131"]
[EventDate "2016.??.??"]
[EventCountry "AZE"]
[SourceTitle "playchess.com"]
[Source "ChessBase"]
[WhiteTeam "Slovenia"]
[BlackTeam "Kyrgyzstan"]
[WhiteTeamCountry "SLO"]
[BlackTeamCountry "KGZ"]
[TimeControl "40/5400+30:1800+30"]

1. e4 {(00:00)} c5 {(00:00)} 2. Nf3 {(00:00)} d6 {(
00:00)} 3. Bb5+ {(00:24)} Nc6 {(01:35)} 4. O-O {(00:23)}
Bd7 {(00:06)} 5. Re1 {(01:01)} Nf6 {(01:32)} 6. c3 {
(00:44)} a6 {(00:21)} 7. Bc4 {(00:36)} Bg4 {(05:24]
} 8. d4 {(00:37)} Bxf3 {(04:35)} 9. gxf3 {(02:16)} cxd4 {
(28:28)} 10. cxd4 {(00:37)} d5 {(02:54)} 11. exd5 {
(17:31)} Nxd5 {(01:32)} 12. Nc3 {(02:17)} Nb6 {(06:
20)} 13. Bb3 {(15:16)} Qxd4 {(09:31)} 14. Be3 {(05:06)}
Qxd1 {(02:55)} 15. Rexd1 {(04:36)} Nd7 {(02:37)} 16. Bxf7+
{(00:19)} Kxf7 {(00:06)} 17. Rxd7 {(00:03)} Rb8 {(
00:24)} 18. Bf4 {(10:52)} Ke8 {(05:55)} 19. Rad1 {(00:06)}
e5 {(01:07)} 20. Bg3 {(00:04)} h5 {(11:57)} 21. R7d5 {
(03:10)} Rh6 {(00:42)} 22. Bxe5 {(01:13)} Nxe5 {(
00:06)} 23. Rxe5+ {(00:02)} Kf7 {(00:07)} 24. Rd7+ {(01:
28)} Kg8 {(00:10)} 25. Ne4 {(01:46)} b5 {(04:23)} 26. f4 {
(02:39)} Rc8 {(00:46)} 27. f5 {(00:15)} Rhc6 {(03:
41)} 28. Kg2 {(04:51)} R6c7 {(00:39)} 29. Red5 {(01:00)}
Be7 {(01:30)} 30. b3 {(01:46)} Kf8 {(00:11)} 31. h3 {
(05:20)} Ke8 {(02:00)} 32. Rxc7 {(00:10)} Rxc7 {(
00:02)} 33. Rd2 {(03:47)} Rc1 {(00:33)} 34. Ng3 {(01:24)}
h4 {(00:36)} 35. Ne4 {(00:05)} Re1 {(00:30)} 36. Kf3 {
(00:31)} Rh1 {(02:03)} 37. Kg4 {(00:35)} Rg1+ {(00:
05)} 38. Kf4 {(00:16)} Rh1 {(00:08)} 39. Kg4 {(06:32)}
Rg1+ {(00:05)} 40. Kh5 {(00:00)} Re1 {(00:00)} 41. Ng5 {
(01:34)} Rh1 {(14:59)} 42. Kxh4 {(07:20)} Bxg5+ {(
13:41)} 43. Kxg5 {(00:06)} Rxh3 {(00:35)} 44. Kg6 {(06:25]
} Rf3 {(00:14)} 45. Kxg7 {(00:41)} Rxf5 {(00:08)} 46. Re2+
{(00:15)} Kd7 {(00:04)} 47. Kg6 {(00:03)} Rf8 {(00:
06)} 48. Kg5 {(00:04)} Rg8+ {(00:05)} 49. Kh4 {(00:26)}
Rh8+ {(00:17)} 50. Kg3 {(00:04)} Rg8+ {(00:03)} 51. Kh3 {
(00:03)} Rh8+ {(00:04)} 52. Kg2 {(00:04)} Rg8+ {(
00:11)} 53. Kf1 {(00:03)} Rf8 {(00:19)} 54. Re3 {(00:52)}
Kd6 {(04:24)} 55. f3 {(00:10)} Kc5 {(00:09)} 56. Kg2 {
(00:50)} Kb4 {(01:48)} 57. Re2 {(00:35)} Ka3 {(01:
51)} 58. Rf2 {(04:30)} a5 {(00:08)} 59. f4 {(00:04)} Rxf4
{(02:41)} 60. Rxf4 {(00:08)} Kxa2 {(00:01)} 61. b4 {
(00:36)} a4 {(00:14)} 62. Rf5 {(00:04)} Kb3 {(00:
54)} 63. Rxb5 {(00:04)} a3 {(00:03)} 64. Rb8 {(00:04)} a2
{(00:05)} 65. Ra8 {(00:03)} Kxb4 {(00:05)} 66. Rxa2 1-0

[Event "42nd Olympiad Baku 2016 Open"]
[Site "Baku"]
[Date "2016.09.03"]
[Round "2.20"]
[White "Brkic, Ante"]
[Black "Smirnov, Anton"]
[Result "0-1"]
[ECO "C11"]
[WhiteElo "2584"]
[BlackElo "2482"]
[Annotator ""]
[PlyCount "96"]
[EventDate "2016.??.??"]
[EventCountry "AZE"]
[SourceTitle "playchess.com"]
[Source "ChessBase"]
[WhiteTeam "Croatia"]
[BlackTeam "Australia"]
[WhiteTeamCountry "CRO"]
[BlackTeamCountry "AUS"]
[TimeControl "40/5400+30:1800+30"]

1. e4 {(00:00)} e6 {(00:00)} 2. d4 {(00:00)} d5 {(
00:00)} 3. Nc3 {(00:00)} Nf6 {(00:00)} 4. e5 {(00:00)}
Nfd7 {(00:00)} 5. f4 {(00:02)} c5 {(00:14)} 6. Nf3 {
(00:05)} Be7 {(00:06)} 7. Be3 {(00:44)} b6 {(00:07]
} 8. Qd2 {(01:57)} O-O {(00:15)} 9. h4 {(02:43)} Nc6 {
(02:10)} 10. Bb5 {(00:42)} Nxd4 {(09:07)} 11. Nxd4 {
(01:56)} cxd4 {(00:06)} 12. Bxd4 {(00:33)} f6 {(10:
11)} 13. exf6 {(22:03)} Bxf6 {(03:11)} 14. O-O-O {(00:39)}
Nc5 {(16:12)} 15. Qe3 {(03:16)} Bd7 {(04:15)} 16. Be2 {
(14:08)} Qc7 {(12:28)} 17. h5 {(01:17)} Rae8 {(04:
21)} 18. h6 {(00:21)} g6 {(01:25)} 19. Rhe1 {(10:50)} Bc6
{(04:11)} 20. Bxf6 {(13:26)} Rxf6 {(00:07)} 21. g3 {
(00:05)} Qf7 {(04:37)} 22. Bg4 {(01:38)} Qf8 {(00:
37)} 23. Qe5 {(10:09)} Rf7 {(01:06)} 24. Qg5 {(09:04)} Qe7
{(00:36)} 25. Qe5 {(02:11)} Qf8 {(00:12)} 26. Qg5 {
(01:40)} Qe7 {(00:06)} 27. Re5 {(01:32)} Qxg5 {(02:
03)} 28. Rxg5 {(00:01)} Bd7 {(04:09)} 29. Re5 {(00:16)}
Rfe7 {(00:15)} 30. b4 {(02:20)} Na6 {(00:22)} 31. a3 {
(00:58)} Nc7 {(00:19)} 32. Ne2 {(00:20)} Nb5 {(00:
22)} 33. Rd3 {(00:50)} Nd6 {(00:04)} 34. Nc3 {(00:31)} Nf7
{(00:59)} 35. Re1 {(00:30)} Nxh6 {(00:16)} 36. Bh3 {
(00:01)} Nf7 {(01:52)} 37. Rd2 {(00:30)} Nd6 {(04:
08)} 38. Rde2 {(00:27)} Kf8 {(00:19)} 39. Kd1 {(00:51)}
Bc8 {(01:22)} 40. Re5 {(00:00)} Nc4 {(00:00)} 41. R5e2 {
(04:03)} Nxa3 {(03:46)} 42. Kc1 {(01:19)} a5 {(02:
45)} 43. bxa5 {(08:14)} bxa5 {(00:02)} 44. Nxd5 {(00:18)}
exd5 {(00:10)} 45. Rxe7 {(00:04)} Rxe7 {(00:07)} 46. Rxe7
{(00:02)} Kxe7 {(00:56)} 47. Bxc8 {(00:03)} Nc4 {(
03:01)} 48. c3 {(00:04)} Nd6 {(00:34)} 0-1

[Event "42nd Olympiad Baku 2016 Open"]
[Site "Baku"]
[Date "2016.09.03"]
[Round "2.12"]
[White "Capone, Nicola"]
[Black "Wei, Yi"]
[Result "1/2-1/2"]
[ECO "C54"]
[WhiteElo "2373"]
[BlackElo "2717"]
[Annotator ""]
[PlyCount "191"]
[EventDate "2016.??.??"]
[EventCountry "AZE"]
[SourceTitle "playchess.com"]
[Source "ChessBase"]
[WhiteTeam "Belgium"]
[BlackTeam "China"]
[WhiteTeamCountry "BEL"]
[BlackTeamCountry "CHN"]
[TimeControl "40/5400+30:1800+30"]

1. e4 {(00:00)} e5 {(00:00)} 2. Nf3 {(00:00)} Nc6 {
(00:00)} 3. Bc4 {(00:00)} Bc5 {(00:15)} 4. c3 {(00:
00)} Nf6 {(00:12)} 5. d3 {(00:03)} d6 {(01:35)} 6. O-O {
(00:46)} a6 {(00:27)} 7. a4 {(00:10)} O-O {(03:15)}
8. Bg5 {(00:25)} h6 {(00:44)} 9. Bh4 {(00:04)} g5 {
(01:18)} 10. Bg3 {(00:05)} g4 {(00:39)} 11. Nh4 {(
00:10)} Nh5 {(01:17)} 12. Na3 {(00:08)} Qg5 {(00:56)} 13.
Nc2 {(00:16)} Ba7 {(05:15)} 14. d4 {(15:35)} Kh8 {(
05:35)} 15. Qd3 {(07:15)} Ne7 {(07:38)} 16. Ne3 {(24:16)}
Bd7 {(42:40)} 17. Bb3 {(19:42)} Rae8 {(03:47)} 18. Rad1 {
(05:51)} Ng6 {(06:26)} 19. Nef5 {(06:47)} Nhf4 {(
02:23)} 20. Qc2 {(07:51)} Bc6 {(07:14)} 21. Rfe1 {(03:17)}
Kh7 {(00:45)} 22. Qd2 {(01:54)} Qf6 {(01:42)} 23. Bc2 {
(00:33)} h5 {(00:50)} 24. Kh1 {(04:11)} Rd8 {(00:
53)} 25. f3 {(00:29)} gxf3 {(01:37)} 26. Nxf3 {(00:13)}
Rg8 {(01:30)} 27. h4 {(01:44)} Kh8 {(00:31)} 28. Ng5 {
(00:31)} Rdf8 {(01:41)} 29. Rf1 {(00:38)} Nxh4 {(
00:44)} 30. Bxh4 {(00:07)} Rxg5 {(00:03)} 31. Bxg5 {(01:
31)} Qxg5 {(00:02)} 32. Rf3 {(00:31)} h4 {(01:00)} 33. Qf2
{(00:24)} Bd7 {(00:25)} 34. Qxh4+ {(00:31)} Qxh4+ {
(00:12)} 35. Nxh4 {(00:02)} Bg4 {(00:18)} 36. Nf5 {
(00:59)} Bxf3 {(02:08)} 37. gxf3 {(00:05)} Rg8 {(
00:07)} 38. Rd2 {(00:51)} Rg5 {(00:12)} 39. Rh2+ {(00:42)}
Kg8 {(01:04)} 40. Bb3 {(00:00)} Ne6 {(00:00)} 41. Ne7+ {
(06:30)} Kg7 {(02:59)} 42. Nf5+ {(01:37)} Kg8 {(01:
47)} 43. Ne7+ {(00:07)} Kg7 {(00:34)} 44. Nf5+ {(00:05)}
Kf6 {(02:55)} 45. Rh6+ {(02:54)} Rg6 {(00:04)} 46. Rxg6+ {
(14:16)} Kxg6 {(02:45)} 47. dxe5 {(00:45)} dxe5 {(
00:23)} 48. Bxe6 {(00:44)} fxe6 {(00:02)} 49. Ng3 {(00:06]
} Be3 {(02:38)} 50. Kg2 {(00:18)} Kf6 {(02:56)} 51. Kf1 {
(01:30)} Bc1 {(01:12)} 52. b3 {(00:28)} Bd2 {(00:
28)} 53. c4 {(00:29)} Bf4 {(02:17)} 54. Nh1 {(00:46)} Be3
{(00:13)} 55. Ke2 {(00:21)} Bc5 {(02:30)} 56. Ng3 {
(00:06)} Kg5 {(00:05)} 57. Nf1 {(00:18)} Bg1 {(00:
05)} 58. Nd2 {(00:18)} a5 {(00:40)} 59. Nf1 {(00:48)} Kh4
{(00:57)} 60. Nd2 {(00:06)} Bc5 {(00:04)} 61. Nf1 {
(00:20)} Kh3 {(00:01)} 62. Kd3 {(00:33)} Bf2 {(01:
23)} 63. Ke2 {(00:15)} Bd4 {(00:08)} 64. Kd3 {(00:30)} Bc5
{(00:02)} 65. Ke2 {(00:10)} Kg2 {(00:01)} 66. Nd2 {
(00:17)} Be7 {(00:03)} 67. c5 {(04:35)} Bxc5 {(00:
02)} 68. Nc4 {(00:04)} b6 {(00:16)} 69. Nxe5 {(00:06)} Kg3
{(00:14)} 70. Nd3 {(02:10)} Bd4 {(00:16)} 71. f4 {(
01:09)} Kg4 {(00:11)} 72. f5 {(00:17)} exf5 {(00:10)} 73.
exf5 {(00:03)} Kxf5 {(00:21)} 74. Kd2 {(00:22)} Ke4 {
(00:08)} 75. Kc2 {(00:08)} Be3 {(00:41)} 76. Nb2 {(
02:37)} Kd4 {(00:15)} 77. Nc4 {(00:15)} Bg5 {(00:11)} 78.
Nb2 {(00:10)} Be7 {(00:38)} 79. Nc4 {(00:17)} Bf6 {
(02:39)} 80. Nd2 {(00:23)} Bg7 {(00:25)} 81. Nc4 {(
00:27)} Kc5 {(00:13)} 82. Ne3 {(00:23)} Bd4 {(00:02)} 83.
Nc4 {(00:04)} Kb4 {(00:08)} 84. Nd2 {(00:09)} Bg7 {
(00:29)} 85. Nc4 {(00:12)} Bh8 {(01:33)} 86. Ne3 {(
00:06)} Be5 {(00:05)} 87. Nd5+ {(00:24)} Kc5 {(00:04)} 88.
Ne3 {(00:08)} Bf6 {(00:55)} 89. Nc4 {(00:06)} Bd4 {
(00:03)} 90. Nd2 {(00:07)} Kb4 {(00:04)} 91. Nc4 {(
00:07)} b5 {(00:10)} 92. axb5 {(01:43)} a4 {(00:03)} 93.
Kd3 {(00:53)} Kxb3 {(00:57)} 94. Kxd4 {(00:14)} Kb4 {
(00:07)} 95. Kd3 {(00:58)} a3 {(00:12)} 96. Nxa3 {(
00:03)} 1/2-1/2

[Event "42nd Olympiad Baku 2016 Open"]
[Site "Baku"]
[Date "2016.09.03"]
[Round "2.5"]
[White "Carlsen, Magnus"]
[Black "Hossain, Enamul"]
[Result "1-0"]
[ECO "A00"]
[WhiteElo "2857"]
[BlackElo "2431"]
[Annotator ""]
[PlyCount "65"]
[EventDate "2016.??.??"]
[EventCountry "AZE"]
[SourceTitle "playchess.com"]
[Source "ChessBase"]
[WhiteTeam "Norway"]
[BlackTeam "Bangladesh"]
[WhiteTeamCountry "NOR"]
[BlackTeamCountry "BAN"]
[TimeControl "40/5400+30:1800+30"]

1. e3 {(00:00)} Nf6 {(00:00)} 2. Nf3 {(00:00)} e6 {
(00:45)} 3. c4 {(01:24)} b6 {(01:40)} 4. Nc3 {(02:
31)} Bb7 {(00:36)} 5. d4 {(00:32)} Bb4 {(02:42)} 6. Bd3 {
(03:05)} Ne4 {(04:28)} 7. O-O {(01:49)} Bxc3 {(01:
22)} 8. bxc3 {(00:02)} O-O {(06:32)} 9. Ne1 {(06:05)} c5 {
(12:04)} 10. f3 {(00:45)} Nf6 {(02:12)} 11. e4 {(
00:18)} Ne8 {(00:17)} 12. d5 {(01:55)} d6 {(08:55)} 13.
Nc2 {(13:17)} Nd7 {(02:55)} 14. Ne3 {(00:48)} Nef6 {
(08:43)} 15. a4 {(00:54)} a5 {(04:13)} 16. Ra2 {(
01:10)} Qc7 {(05:12)} 17. f4 {(02:52)} exd5 {(04:28)} 18.
exd5 {(00:08)} Rfe8 {(02:02)} 19. g4 {(01:09)} Nf8 {
(08:45)} 20. g5 {(00:14)} N6d7 {(01:03)} 21. h4 {(
00:11)} Rad8 {(07:01)} 22. h5 {(00:47)} Bc8 {(00:24)} 23.
Ng4 {(04:43)} Re7 {(03:02)} 24. Rg2 {(02:04)} Kh8 {
(01:25)} 25. Qf3 {(01:30)} Rde8 {(06:20)} 26. Qg3 {
(00:08)} Rd8 {(03:39)} 27. Bd2 {(03:14)} Rde8 {(00:
42)} 28. f5 {(02:28)} Ne5 {(00:22)} 29. Nxe5 {(00:10)}
Rxe5 {(00:52)} 30. Bf4 {(00:02)} Nd7 {(01:16)} 31. f6 {
(00:18)} g6 {(00:27)} 32. hxg6 {(00:07)} fxg6 {(00:
43)} 33. Bxg6 {(00:12)} 1-0

[Event "42nd Olympiad Baku 2016 Open"]
[Site "Baku"]
[Date "2016.09.03"]
[Round "2.4"]
[White "Chumfwa, Kelvin"]
[Black "Vedmediuc, Serghei"]
[Result "1-0"]
[ECO "B32"]
[WhiteElo "2240"]
[BlackElo "2437"]
[Annotator ""]
[PlyCount "68"]
[EventDate "2016.??.??"]
[EventCountry "AZE"]
[SourceTitle "playchess.com"]
[Source "ChessBase"]
[WhiteTeam "Zambia"]
[BlackTeam "Moldova"]
[WhiteTeamCountry "ZAM"]
[BlackTeamCountry "MDA"]
[TimeControl "40/5400+30:1800+30"]

1. e4 {(00:00)} c5 {(00:00)} 2. Nf3 {(01:09)} Nc6 {
(00:00)} 3. d4 {(02:54)} cxd4 {(00:03)} 4. Nxd4 {(
00:09)} Qb6 {(00:06)} 5. Nb3 {(01:21)} Nf6 {(00:11)} 6.
Nc3 {(00:55)} e6 {(00:08)} 7. Be3 {(02:19)} Qc7 {(
00:33)} 8. a3 {(06:08)} a6 {(05:10)} 9. f4 {(04:52)} d6 {
(00:35)} 10. Be2 {(00:47)} Be7 {(01:04)} 11. O-O {(
02:13)} O-O {(01:04)} 12. g4 {(03:00)} Re8 {(05:08)} 13.
g5 {(05:52)} Nd7 {(00:12)} 14. Bd3 {(08:18)} b5 {(
23:04)} 15. Ne2 {(09:04)} Bf8 {(02:49)} 16. Ng3 {(08:46)}
g6 {(04:13)} 17. h4 {(05:49)} b4 {(14:53)} 18. h5 {
(06:57)} bxa3 {(03:56)} 19. bxa3 {(03:19)} Bg7 {(
03:24)} 20. Ra2 {(00:19)} Rb8 {(01:29)} 21. hxg6 {(14:07)}
hxg6 22. Nd2 {(08:05)} Na5 {(07:20)} 23. Kg2 {(03:26)} Bb7
{(02:19)} 24. Be2 Nc5 {(07:01)} 25. Bf3 {(00:45)} Na4 {
(00:09)} 26. Nb1 {(00:36)} Qc4 27. Qd2 Qxa2 {(05:27)} 28.
Qxa5 {(00:48)} Qxc2+ {(00:11)} 29. Rf2 Qxb1 {(04:58)} 30.
Qxa4 {(00:47)} d5 {(00:16)} 31. e5 {(00:13)} Rec8 {
(00:29)} 32. Qd4 {(00:30)} Bc6 {(02:22)} 33. Bd2 {(
00:47)} Bb5 {(01:12)} 34. Bb4 {(00:36)} Rc2 {(02:04)} 1-0

[Event "42nd Olympiad Baku 2016 Open"]
[Site "Baku"]
[Date "2016.09.03"]
[Round "2.38"]
[White "Collutiis, Duilio"]
[Black "Van Wely, Loek"]
[Result "0-1"]
[ECO "C00"]
[WhiteElo "2441"]
[BlackElo "2674"]
[Annotator ""]
[PlyCount "64"]
[EventDate "2016.??.??"]
[EventCountry "AZE"]
[SourceTitle "playchess.com"]
[Source "ChessBase"]
[WhiteTeam "ICCD"]
[BlackTeam "Netherlands"]
[WhiteTeamCountry "ITA"]
[BlackTeamCountry "NED"]
[TimeControl "40/5400+30:1800+30"]

1. e4 {(00:00)} c5 {(00:00)} 2. Nf3 {(00:00)} e6 {(
00:00)} 3. g3 {(00:10)} Nc6 {(01:19)} 4. Bg2 {(00:12)} Nf6
{(01:30)} 5. Qe2 {(00:34)} d5 {(01:56)} 6. d3 {(00:
22)} Be7 {(01:16)} 7. O-O {(00:28)} O-O {(00:14)} 8. e5 {
(01:20)} Ne8 {(00:47)} 9. c4 {(02:10)} Nc7 {(00:59]
} 10. Rd1 {(05:14)} b5 {(02:26)} 11. b3 {(00:16)} Bb7 {
(09:39)} 12. Nc3 {(04:11)} a6 {(26:37)} 13. Bf4 {(
15:04)} Nd4 {(01:37)} 14. Nxd4 {(01:20)} cxd4 {(00:10)}
15. Nb1 {(00:22)} Rb8 {(06:07)} 16. h4 {(06:35)} bxc4 {
(08:07)} 17. dxc4 {(01:04)} dxc4 {(00:36)} 18. Bxb7 {
(04:13)} cxb3 {(01:27)} 19. axb3 {(02:24)} Rxb7 {(
00:24)} 20. Nd2 {(04:37)} Qd5 {(14:45)} 21. Nf3 {(21:25)}
Nb5 {(00:58)} 22. Rd3 {(00:09)} Nc3 {(05:16)} 23. Qc2 {
(07:48)} Qxb3 {(02:07)} 24. Qxb3 {(00:19)} Rxb3 {(
00:03)} 25. Kg2 {(00:06)} Rb6 {(00:55)} 26. Nxd4 {(01:08)}
Nd5 {(00:59)} 27. Bd2 {(01:05)} Rc8 {(03:07)} 28. Ba5 {
(04:07)} Rb2 {(01:33)} 29. Bd2 {(02:09)} Rb6 {(01:
47)} 30. Ba5 {(00:09)} Rbb8 {(00:42)} 31. Bd2 {(00:13)}
Ra8 {(00:09)} 32. Ba5 {(01:19)} Bxh4 {(02:56)} 0-1

[Event "42nd Olympiad Baku 2016 Open"]
[Site "Baku"]
[Date "2016.09.03"]
[Round "2.15"]
[White "Colovic, Aleksandar"]
[Black "Mamedov, Rauf"]
[Result "0-1"]
[ECO "E91"]
[WhiteElo "2432"]
[BlackElo "2666"]
[Annotator ""]
[PlyCount "88"]
[EventDate "2016.??.??"]
[EventCountry "AZE"]
[SourceTitle "playchess.com"]
[Source "ChessBase"]
[WhiteTeam "Macedonia"]
[BlackTeam "Azerbaijan"]
[WhiteTeamCountry "MKD"]
[BlackTeamCountry "AZE"]
[TimeControl "40/5400+30:1800+30"]

1. d4 {(00:00)} Nf6 {(00:00)} 2. c4 {(00:02)} g6 {(
00:00)} 3. Nc3 {(00:26)} Bg7 {(00:00)} 4. e4 {(00:11)} d6
{(00:00)} 5. Nf3 {(00:35)} O-O {(00:00)} 6. Be2 {(
00:37)} c5 {(03:54)} 7. O-O {(01:25)} cxd4 {(01:40)} 8.
Nxd4 {(00:06)} Nc6 {(00:02)} 9. Be3 {(00:19)} Bd7 {
(00:08)} 10. Qd2 {(01:17)} Nxd4 {(00:07)} 11. Bxd4 {
(00:02)} Bc6 {(00:05)} 12. f3 {(00:08)} a5 {(00:03]
} 13. b3 {(02:59)} Nd7 {(02:22)} 14. Be3 {(00:40)} Nc5 {
(00:36)} 15. Rab1 {(00:17)} Qb6 {(01:38)} 16. Rfc1 {
(00:25)} Rfc8 {(00:05)} 17. Kh1 {(02:10)} Qd8 {(09:
55)} 18. Bd1 {(01:26)} Bd7 {(03:13)} 19. Nd5 {(14:21)} Be6
{(09:28)} 20. a3 {(22:41)} Nd7 {(17:17)} 21. b4 {(
02:55)} axb4 {(06:30)} 22. axb4 {(00:02)} Bxd5 {(09:02)}
23. Qxd5 {(04:24)} Ne5 {(10:05)} 24. Be2 {(10:18)} Ra2 {
(05:15)} 25. Qd1 {(05:01)} Ra3 {(02:37)} 26. Rb3 {(
03:43)} Rxb3 {(02:05)} 27. Qxb3 {(00:01)} Nc6 {(00:06)}
28. Rd1 {(02:40)} e5 {(03:37)} 29. Rd5 {(16:45)} Nd4 {
(01:37)} 30. Bxd4 {(00:14)} exd4 {(00:04)} 31. Qa4 {
(07:42)} b6 {(08:51)} 32. g3 {(00:01)} Ra8 {(01:21]
} 33. Qc6 {(00:01)} Ra1+ {(00:41)} 34. Kg2 {(00:05)} Ra2 {
(00:04)} 35. Kf1 {(02:27)} Be5 {(01:24)} 36. f4 {(
00:59)} Bxf4 {(00:18)} 37. gxf4 Qh4 38. Qc8+ {(00:42)} Kg7 {
(00:07)} 39. Qg4 Ra1+ {(00:00)} 40. Kg2 {(00:00)} Qe1 {
(00:00)} 41. Bf3 {(15:33)} h5 42. Rxh5 Qg1+ {(04:48)} 43.
Kh3 {(00:33)} Qxg4+ {(00:04)} 44. Bxg4 {(00:04)} gxh5 {
(00:03)} 0-1

[Event "42nd Olympiad Baku 2016 Open"]
[Site "Baku"]
[Date "2016.09.03"]
[Round "2.18"]
[White "Deac, Bogdan-Daniel"]
[Black "Cawdery, Daniel"]
[Result "1-0"]
[ECO "A35"]
[WhiteElo "2524"]
[BlackElo "2416"]
[Annotator ""]
[PlyCount "133"]
[EventDate "2016.??.??"]
[EventCountry "AZE"]
[SourceTitle "playchess.com"]
[Source "ChessBase"]
[WhiteTeam "Romania"]
[BlackTeam "South Africa"]
[WhiteTeamCountry "ROU"]
[BlackTeamCountry "RSA"]
[TimeControl "40/5400+30:1800+30"]

1. Nf3 {(00:00)} Nf6 {(00:00)} 2. c4 {(00:00)} c5 {
(00:45)} 3. Nc3 {(00:00)} Nc6 {(00:20)} 4. d4 {(00:
07)} cxd4 {(00:55)} 5. Nxd4 {(00:06)} g6 {(01:07)} 6. e4 {
(01:33)} d6 {(00:27)} 7. Nc2 {(00:33)} Bg7 {(00:10]
} 8. Be2 {(00:06)} O-O {(02:10)} 9. O-O {(01:00)} Nd7 {
(00:37)} 10. Bd2 {(00:30)} Nc5 {(04:20)} 11. b4 {(
00:27)} Ne6 {(12:18)} 12. Nd5 {(21:11)} Ned4 {(08:27)} 13.
Nxd4 {(00:59)} Nxd4 {(01:04)} 14. Rc1 {(09:15)} e6 {
(20:56)} 15. Nc3 {(09:32)} b6 {(06:51)} 16. Bd3 {(
03:52)} Bb7 {(01:34)} 17. Ne2 {(01:13)} Rc8 {(03:29)} 18.
Re1 {(07:23)} Re8 {(03:25)} 19. Nxd4 {(17:34)} Bxd4 {
(00:02)} 20. Qg4 {(06:17)} Qf6 {(05:23)} 21. Qf4 {(
00:19)} Qxf4 {(05:21)} 22. Bxf4 {(00:04)} d5 {(00:59)} 23.
exd5 {(08:21)} exd5 {(00:04)} 24. Rxe8+ {(01:05)} Rxe8 {
(00:01)} 25. Kf1 {(01:15)} Rc8 {(04:17)} 26. f3 {(
01:37)} a5 {(07:07)} 27. cxd5 {(07:58)} Rxc1+ {(00:54)}
28. Bxc1 {(00:09)} Bxd5 {(00:20)} 29. bxa5 {(00:07)} bxa5
{(00:13)} 30. a4 {(00:08)} f5 {(02:40)} 31. Bd2 {(
00:35)} Bb6 {(00:09)} 32. Ke2 {(00:54)} Kf7 {(00:49)} 33.
Bb5 {(00:33)} Ke6 {(00:27)} 34. Kd3 {(00:14)} Bd8 {
(02:34)} 35. h3 {(01:47)} Kd6 {(01:07)} 36. Be3 {(
00:40)} g5 {(00:58)} 37. Kd2 {(00:29)} h5 {(03:29)} 38.
Ke2 {(00:19)} Bb3 {(01:29)} 39. Kd3 {(00:24)} Bf7 {
(01:24)} 40. Bd4 {(00:00)} Bg6 {(00:00)} 41. Kd2 {(
03:07)} Kd5 {(01:24)} 42. Kc3 {(02:54)} Kd6 {(06:32)} 43.
Ba7 {(00:25)} Bf6+ {(04:56)} 44. Kc4 {(00:38)} Bf7+ {
(00:26)} 45. Kd3 {(00:09)} Bd8 {(00:55)} 46. Kc3 {(
04:38)} Bf6+ {(00:46)} 47. Kd2 {(01:04)} Bd8 {(01:16)} 48.
Bd4 {(02:06)} Bd5 {(00:43)} 49. Ke3 {(00:36)} Bc6 {
(05:00)} 50. Bxc6 {(00:56)} Kxc6 {(00:01)} 51. g4 {
(00:14)} hxg4 {(01:01)} 52. hxg4 {(00:13)} fxg4 {(
00:09)} 53. fxg4 {(00:06)} Kd5 {(00:58)} 54. Kd3 {(00:07)}
Bc7 {(09:50)} 55. Bf6 {(00:45)} Kc5 {(00:45)} 56. Be7+ {
(05:10)} Bd6 {(00:31)} 57. Bxd6+ {(00:06)} Kxd6 {(
00:03)} 58. Kd4 {(00:06)} Ke6 {(03:39)} 59. Ke4 {(00:25)}
Kd6 {(00:21)} 60. Kf5 {(00:10)} Kc5 {(00:04)} 61. Kxg5 {
(00:08)} Kb4 {(00:02)} 62. Kf5 {(00:21)} Kxa4 {(00:
04)} 63. g5 {(00:07)} Kb3 {(00:25)} 64. g6 {(00:10)} a4 {
(00:05)} 65. g7 {(00:05)} a3 {(00:06)} 66. g8=Q+ {(
00:06)} Kb2 {(00:02)} 67. Qg2+ {(00:29)} 1-0